 Dungeon Crawl Stone Soup version 0.28-a0-925-gd5e1996cdb (webtiles) character file.

Game seed: 14981926918957879561

15822 AvatarAndi78 the Cleaver (level 12, -1/106 HPs)
             Began as a Minotaur Berserker on Nov 26, 2021.
             Was an Elder of Trog.
             Slain by a seven-headed hydra (2 damage)
             ... on level 12 of the Dungeon.
             The game lasted 00:28:49 (10990 turns).

AvatarAndi78 the Cleaver (Minotaur Berserker)      Turns: 10990, Time: 00:28:50

Health: -1/106     AC: 20    Str: 24    XL:     12   Next: 4%
Magic:  0/11       EV:  9    Int:  4    God:    Trog [****..]
Gold:   209        SH:  0    Dex: 13    Spells: 11/11 levels left

rFire   + + .      SeeInvis .   i - +2 scimitar (flame)
rCold   x . .      Faith    .   (no shield)
rNeg    . . .      Spirit   +   a - +0 plate armour
rPois   .          Reflect  .   x - +0 hat
rElec   .          Harm     .   p - scarf {shadows}
rCorr   .          Rampage  .   C - +1 pair of gloves
Will    ++...                   j - +1 pair of boots
Stlth   ..........              D - amulet of guardian spirit
HPRegen 1.27/turn               A - +4 ring of slaying
MPRegen 0.12/turn               c - ring of fire

@: strong-willed, on berserk cooldown, regenerating, slowed, very slow
A: horns 2, retaliatory headbutt, talons 1, deterioration 1, fire resistance 1,
wild magic 1
a: Renounce Religion, Berserk, Trog's Hand, Brothers in Arms


You were on level 12 of the Dungeon.
You worshipped Trog.
Trog was greatly pleased with you.
You visited 1 branch of the dungeon, and saw 12 of its levels.

You collected 707 gold pieces.
You spent 498 gold pieces at shops.

Inventory:

Hand Weapons
 i - a +2 scimitar of flaming (weapon)
 m - the +8 Wrath of Trog {antimagic, *Rage Rampage}
   (You acquired it on level 9 of the Dungeon)

   It reduces the magical energy of the wielder, and disrupts the spells and
   magical abilities of those it strikes.
   Natural abilities and divine invocations are not affected.
   It causes slowness and exhaustion when equipped.
   It extends the wielder's berserk rage when killing foes.
   *Rage:     It berserks you when you make melee attacks (+50% chance).
   Rampage:   It bestows one free step when moving towards enemies.
 n - a +5 war axe
 o - a +2 vampiric demon trident
Missiles
 h - 61 poisoned darts (quivered)
Armour
 a - a +0 plate armour (worn)
 j - a +1 pair of boots (worn)
 p - a scarf of shadows (worn)
 x - a +0 hat (worn)
 z - a +0 kite shield
 C - a +1 pair of gloves (worn)
Jewellery
 c - a ring of fire (right hand)
 l - a ring of positive energy
 A - a +4 ring of slaying (left hand)
 D - an amulet of guardian spirit (around neck)
 G - a ring of willpower
Wands
 f - a wand of acid (23)
 k - a wand of flame (36)
 q - a wand of digging (2)
 t - a wand of mindburst (13)
 u - a wand of polymorph (6)
 y - a wand of iceblast (20)
Scrolls
 b - 3 scrolls of teleportation
 d - a scroll of holy word
 v - 2 scrolls of enchant weapon
 w - 2 scrolls of magic mapping
 B - a scroll of enchant armour
 F - a scroll of identify
Potions
 e - 3 potions of resistance
 g - 4 potions of curing
 r - a potion of haste
 s - 3 potions of heal wounds
 E - a potion of attraction {unknown}


   Skills:
 + Level 10.0 Fighting
 + Level 14.9(15.6) Axes
 + Level 7.7(12.3) Polearms
 + Level 12.1 Armour
 + Level 6.2 Dodging
 + Level 1.7 Stealth
 + Level 2.2 Shields
 + Level 0.1 Evocations


You had 11 spell levels left.
You didn't know any spells.
Your spell library was empty.

Dungeon Overview and Level Annotations

Branches:
Dungeon (12/15)            Temple (0/1) D:6            Lair (0/6) D:10
    Orc (0/2) D:11

Altars:
Gozag
Hepliaklqana
Sif Muna
Trog
Xom
Yredelemnul
The Shining One

Shops:
D:2 !*   D:5 (   D:7 ?   D:9 [   D:11 [

Portals:
Bazaar: D:12


Innate Abilities, Weirdness & Mutations

You have a pair of horns on your head.
You reflexively headbutt those who attack you in melee.
You have sharp toenails.
Your body sometimes deteriorates upon taking damage.
Your flesh is heat resistant. (rF+)
Your spells are a little harder to cast, but a little more powerful.


Message History

Your +2 scimitar of flaming bursts into flame!
i - a +2 scimitar of flaming (weapon)
The eight-headed hydra bites you but does no damage.
The eight-headed hydra bites you!
The eight-headed hydra bites you but does no damage.
The eight-headed hydra bites you.
The eight-headed hydra bites you but does no damage. x2
The eight-headed hydra closely misses you.
The eight-headed hydra bites you but does no damage.
Your skin crawls.
You feel strong-willed.
The eight-headed hydra closely misses you.
You furiously retaliate!
You headbutt the eight-headed hydra.
The eight-headed hydra completely misses you.
The eight-headed hydra bites you but does no damage.
The eight-headed hydra bites you. x2
The eight-headed hydra bites you but does no damage.
The eight-headed hydra closely misses you.
The eight-headed hydra bites you but does no damage.
The eight-headed hydra bites you!
* * * LOW HITPOINT WARNING * * *
The eight-headed hydra bites you but does no damage. x2
The eight-headed hydra closely misses you.
The eight-headed hydra bites you but does no damage.
The eight-headed hydra bites you!
* * * LOW HITPOINT WARNING * * *
The eight-headed hydra bites you!
* * * LOW HITPOINT WARNING * * *
The eight-headed hydra bites you but does no damage.
You hack one of the eight-headed hydra's heads off!
The flame cauterises the wound!
You slash the seven-headed hydra! You burn the seven-headed hydra.
You headbutt the seven-headed hydra!
The seven-headed hydra is severely wounded.
The seven-headed hydra bites you!
* * * LOW HITPOINT WARNING * * *
The seven-headed hydra bites you but does no damage.
The seven-headed hydra bites you.
* * * LOW HITPOINT WARNING * * *
The seven-headed hydra bites you.
You die...

#########...#######**,,,,,*
............#,,,,,,,*,,,,,*
............#.......#,,,,,*
............#.......#,,,,,*
............#.......#,,,,,*
....#.......#.......+,,,,,*
....#.......#.......#,,,,,*
....#.......#...D...#,,,,,*
....#########...@...#,,,,,*
....#.......####'######+***
....#..................,,,*
....#..................,,,*
....'..................,,,*
....#..................,,,*
....#########..........,,,*
....#,,,,...############***
....#,,,,...........≈≈§##


You could see a seven-headed hydra.

Vanquished Creatures
  A boulder beetle (D:12)
  Erica (D:8)
  Pikel (D:4)
  4 cyclopes
  2 manticores (D:11)
  Maurice (D:10)
  3 gargoyles
  A kobold demonologist (D:10)
  Maggie (D:8)
  A komodo dragon (D:10)
  Psyche (D:8)
  A troll (D:10)
  4 slime creatures (D:12)
  A shadow (D:10)
  A wraith (D:12)
  14 yaks
  Eustachio (D:4)
  2 steam dragons
  Menkaure (D:5)
  Edmund (D:5)
  Duvessa (D:7)
  2 acid dragons
  2 water moccasins
  4 orc warriors
  2 black bears (D:7)
  6 centaurs
  4 ogres
  2 lemures (D:4)
  3 kobold brigands
  3 bullfrogs
  2 scorpions
  A gnoll sergeant (D:4)
  Dowan (D:7)
  A water moccasin skeleton (D:5)
  13 killer bees
  4 howler monkeys
  7 wights
  A bullfrog zombie (D:6)
  2 hounds
  3 jellies
  6 centaur zombies
  2 orc priests
  Jessica (D:3)
  4 bullfrog skeletons
  A centaur skeleton (D:7)
  An iguana (D:4)
  6 orc wizards
  A hound zombie (D:5)
  A hound skeleton (D:4)
  A howler monkey zombie (D:9)
  Robin (D:2)
  9 gnolls
  A river rat (D:4)
  7 adders
  A shadow imp (D:5)
  A white imp (D:7)
  An ufetubus (D:4)
  An adder zombie (D:2)
  An adder skeleton (D:2)
  3 dart slugs
  3 worms
  21 orcs
  7 ball pythons
  6 endoplasms
  3 giant cockroaches
  15 goblins
  8 hobgoblins
  12 kobolds
  2 quokkas
  2 ball python zombies (D:2)
  5 bats
  6 frilled lizards
  A quokka skeleton (D:2)
  A quokka zombie (D:2)
  10 rats
259 creatures vanquished.

Vanquished Creatures (others)
  36 plants (D:10)
  A withered plant (D:2)
37 creatures vanquished.

Grand Total: 296 creatures vanquished

Notes
Turn   | Place    | Note
-------+----------+-------------------------------------------
     0 | D:1      | AvatarAndi78 the Minotaur Berserker began the quest for the
                  | Orb.
     0 | D:1      | Reached XP level 1. HP: 19/19 MP: 0/0
    90 | D:1      | Found a faded altar of an unknown god.
   163 | D:1      | Reached skill level 4 in Axes
   190 | D:1      | Reached XP level 2. HP: 23/27 MP: 1/1
   530 | D:2      | Noticed Robin
   545 | D:2      | Reached XP level 3. HP: 28/33 MP: 2/2
   547 | D:2      | Killed Robin
   690 | D:2      | Reached ** piety under Trog
   693 | D:2      | Reached XP level 4. HP: 31/40 MP: 3/3
   722 | D:2      | Found Unnuif's General Store.
   842 | D:2      | Bought a scroll of identify for 24 gold pieces
   856 | D:2      | Reached skill level 5 in Axes
   975 | D:2      | Found Tuhigem's Distillery.
   981 | D:2      | Bought a potion of curing for 30 gold pieces
  1027 | D:2      | Noticed a scorpion
  1034 | D:2      | Killed a scorpion
  1035 | D:2      | Reached XP level 5. HP: 47/47 MP: 4/4
  1530 | D:3      | Noticed Jessica
  1537 | D:3      | Killed Jessica
  1982 | D:3      | Reached skill level 6 in Axes
  2156 | D:4      | Noticed Pikel
  2156 | D:4      | Noticed a lemure
  2156 | D:4      | Noticed a lemure
  2162 | D:4      | Noticed a lemure
  2164 | D:4      | Killed a lemure
  2167 | D:4      | Killed a lemure
  2167 | D:4      | Noticed a lemure
  2170 | D:4      | Killed Pikel
  2171 | D:4      | Reached skill level 5 in Fighting
  2171 | D:4      | Reached skill level 7 in Axes
  2171 | D:4      | Reached XP level 6. HP: 44/56 MP: 5/5
  2171 | D:4      | Reached XP level 7. HP: 47/61 MP: 6/6
  2492 | D:4      | Reached skill level 5 in Armour
  2514 | D:4      | Reached skill level 8 in Axes
  2730 | D:4      | Noticed Eustachio
  2755 | D:4      | Killed Eustachio
  2756 | D:4      | Reached XP level 8. HP: 61/70 MP: 7/7
  2888 | D:4      | Reached skill level 1 in Polearms
  3030 | D:4      | Reached *** piety under Trog
  3157 | D:5      | Entered Level 5 of the Dungeon
  3180 | D:5      | Noticed Menkaure
  3186 | D:5      | Killed Menkaure
  3187 | D:5      | Reached skill level 1 in Stealth
  3339 | D:5      | Found Enka's Antique Weapon Emporium.
  3633 | D:5      | Found an opulent altar of Gozag.
  3952 | D:5      | Noticed Edmund
  3971 | D:5      | Killed Edmund
  4723 | D:6      | Reached skill level 5 in Dodging
  4729 | D:6      | Reached skill level 5 in Polearms
  4729 | D:6      | Reached XP level 9. HP: 78/78 MP: 8/8
  5169 | D:6      | Found a staircase to the Ecumenical Temple.
  5292 | D:7      | Noticed Dowan
  5294 | D:7      | Noticed Duvessa
  5301 | D:7      | Killed Dowan
  5312 | D:7      | Killed Duvessa
  5432 | D:7      | Found a hazy altar of Hepliaklqana.
  5610 | D:7      | Found Vaosk's Magic Scroll Shop.
  5916 | D:7      | Gained mutation: Your magical capacity is low. (-10% MP)
                  | [potion of mutation]
  5916 | D:7      | Gained mutation: Your magical capacity is very low. (-20%
                  | MP) [potion of mutation]
  5916 | D:7      | Gained mutation: You tend to lose your temper in combat.
                  | [potion of mutation]
  5916 | D:7      | Gained mutation: You are partially covered in iridescent
                  | scales. (AC +2) [potion of mutation]
  6080 | D:8      | Found a shimmering altar of Xom.
  6081 | D:8      | Found a basalt altar of Yredelemnul.
  6087 | D:8      | Reached skill level 1 in Shields
  6340 | D:8      | Noticed Erica
  6346 | D:8      | Killed Erica
  6347 | D:8      | Reached skill level 9 in Axes
  6445 | D:8      | Noticed Maggie
  6451 | D:8      | Killed Maggie
  6452 | D:8      | Reached XP level 10. HP: 86/86 MP: 5/7
  6492 | D:8      | Noticed Psyche
  6498 | D:8      | Killed Psyche
  6614 | D:8      | Reached **** piety under Trog
  6745 | D:8      | Found a glowing golden altar of the Shining One.
  7130 | D:9      | Noticed a cyclops
  7135 | D:9      | Killed a cyclops
  7136 | D:9      | Reached skill level 10 in Axes
  7174 | D:9      | Lost mutation: You are partially covered in iridescent
                  | scales. (AC +2) [potion of mutation]
  7174 | D:9      | Lost mutation: You tend to lose your temper in combat.
                  | [potion of mutation]
  7174 | D:9      | Lost mutation: Your magical capacity is very low. (-20% MP)
                  | [potion of mutation]
  7174 | D:9      | Gained mutation: Your body sometimes deteriorates upon
                  | taking damage. [potion of mutation]
  7174 | D:9      | Gained mutation: Your flesh is heat resistant. (rF+)
                  | [potion of mutation]
  7174 | D:9      | Gained mutation: You have sharp toenails. [potion of
                  | mutation]
  7174 | D:9      | Gained mutation: Your spells are a little harder to cast,
                  | but a little more powerful. [potion of mutation]
  7177 | D:9      | Identified a scroll of acquirement
  7179 | D:9      | Acquired the +8 Wrath of Trog {antimagic, *Rage Rampage}
  7179 | D:9      | Found the +8 Wrath of Trog {antimagic, *Rage Rampage}
  7525 | D:9      | Reached skill level 10 in Armour
  7526 | D:9      | Reached skill level 11 in Axes
  7801 | D:9      | Found Oskiosch's Antique Armour Boutique.
  7819 | D:9      | Bought a pair of gloves for 144 gold pieces
  8017 | D:10     | Entered Level 10 of the Dungeon
  8045 | D:10     | Lost mutation: Your magical capacity is low. (-10% MP)
                  | [potion of mutation]
  8045 | D:10     | Lost mutation: Your body sometimes deteriorates upon taking
                  | damage. [potion of mutation]
  8045 | D:10     | Gained mutation: Your body sometimes deteriorates upon
                  | taking damage. [potion of mutation]
  8096 | D:10     | Reached skill level 12 in Axes
  8186 | D:10     | Reached XP level 11. HP: 84/95 MP: 3/10
  8378 | D:10     | Noticed Maurice
  8385 | D:10     | Killed Maurice
  8482 | D:10     | Found a shimmering blue altar of Sif Muna.
  8550 | D:10     | Found a staircase to the Lair.
  8788 | D:10     | Reached skill level 13 in Axes
  9177 | D:11     | Found Qont's Antique Armour Emporium.
  9192 | D:11     | Bought a pair of runed gloves for 300 gold pieces
  9510 | D:11     | Found a bloodstained altar of Trog.
  9571 | D:11     | Found a staircase to the Orcish Mines.
 10135 | D:11     | Reached skill level 14 in Axes
 10458 | D:12     | Found a flickering gateway to a bazaar.
 10931 | D:12     | Noticed a boulder beetle
 10939 | D:12     | Killed a boulder beetle
 10940 | D:12     | Reached skill level 10 in Fighting
 10940 | D:12     | Reached XP level 12. HP: 56/106 MP: 2/11
 10985 | D:12     | Noticed a seven-headed hydra
 10990 | D:12     | HP: 5/106 [seven-headed hydra (8)]
 10990 | D:12     | HP: 1/106 [seven-headed hydra (4)]
 10990 | D:12     | Slain by a seven-headed hydra

Illustrated notes

Levels and vault maps discovered:
D:1:      dpeg_arrival_simpleton_a, layout_rooms, basic_ecumenical_altar,
          chequers_serial_rivers_micro_c, chequers_serial_rivers_micro_d
D:2:      layout_rooms, serial_shops, nicolae_shop_crystal, shop, serial_undead,
          serial_undead_a, serial_undead_d, serial_undead_c, serial_undead_f,
          serial_undead_a, uniq_robin
D:3:      layout_basic, grunt_decor_mini_mirrors, minmay_misc_feat_enclosed,
          uniq_jessica
D:4:      layout_loops_ring, portal_sewer_entry_b, uniq_pikel, uniq_eustachio
D:5:      layout_basic, grunt_gozag_breadcrumbs, serial_shops,
          kennysheep_little_box, uniq_menkaure, uniq_edmund
D:6:      layout_rooms, minmay_temple_entry_nine_rooms
D:7:      layout_rooms, worldfamousw_hep_ancestral_shrine, serial_shops,
          nicolae_shop_waterfront, uniq_duvessa
D:8:      layout_basic, lemuel_round_altar,
          chequers_temple_overflow_statue_of_worship, uniq_erica, uniq_psyche,
          uniq_maggie
D:9:      layout_roguey, serial_shops, nicolae_shop_advertising_works
          [nicolae_subvault_shop_adworks]
D:10:     layout_loops_ring, led_sif_book, david_lair_shrubbed,
          kennysheep_opposing_triangles, uniq_maurice
D:11:     layout_basic, orc_0_dummy, serial_shops, nicolae_diamond_shop,
          trog_three_pillars_becter
D:12:     layout_grid_maze, serial_shops, bzr_entry_islet

Skill      XL: |  1  2  3  4  5  6  7  8  9 10 11 |
---------------+----------------------------------+-----
Axes           | 4 5 7 8 9 12 14 | 14.9
Fighting       | 4 5 6 7 8 10 | 10.0
Armour         | 3 4 5 7 9 10 12 | 12.1
Dodging        | 3 4 5 6 |  6.2
Polearms       | 5 7 |  7.7
Stealth        | 1 |  1.7
Shields        | 2 |  2.2
Evocations     | |  0.1

Action                   |  1- 3 |  4- 6 |  7- 9 | 10-12 || total
-------------------------+-------+-------+-------+-------++-------
Melee: Hand axe          |    52 |    96 |    45 |       ||   193
       Headbutt          |     3 |    16 |    67 |    37 ||   123
       Spear             |       |       |   224 |       ||   224
       Broad axe         |       |       |    31 |    32 ||    63
       Battleaxe         |       |       |       |   163 ||   163
       Demon trident     |       |       |       |     3 ||     3
       Scimitar          |       |       |       |     1 ||     1
Invok: Berserk           |     1 |     2 |     6 |       ||     9
       Trog's Hand       |       |     1 |     4 |     1 ||     6
Evoke: Wand              |       |       |       |     2 ||     2
  Use: Scroll            |       |     6 |     8 |     4 ||    18
       Potion            |       |       |     8 |     2 ||    10
 Stab: Sleeping          |     1 |       |       |       ||     1
Armor: Leather armour    |    12 |    15 |       |       ||    27
       Animal skin       |     1 |       |       |       ||     1
       Scale mail        |       |    20 |    81 |       ||   101
       Plate armour      |       |       |     1 |   128 ||   129
Dodge: Dodged            |    36 |    41 |   105 |    96 ||   278
Block: Buckler           |       |       |    25 |     5 ||    30

Table legend: (Time is in decaauts)
 A = Elapsed time spent in this place.
 B = Non-inter-level travel time spent in this place.
 C = Inter-level travel time spent in this place.
 D = Time resting spent in this place.
 E = Time spent auto-exploring this place.
 F = Levels seen in this place.
 G = Mean time per level.
                   A        B        C        D        E       F      G
               +--------+--------+--------+--------+--------+-----+--------+
         Total |  11348 |  11113 |    235 |      0 |   9140 |  12 |  945.7 |
       Dungeon |  11348 |  11113 |    235 |      0 |   9140 |  12 |  945.7 |
               +--------+--------+--------+--------+--------+-----+--------+

Top non-repeatable levels by time:
    D:11: 1582 daAuts
     D:5: 1508 daAuts
     D:9: 1119 daAuts
     D:4: 1023 daAuts
    D:10: 983 daAuts
     D:7: 932 daAuts
     D:8: 803 daAuts
     D:3: 772 daAuts
     D:2: 729 daAuts
     D:1: 679 daAuts
     D:6: 608 daAuts
    D:12: 607 daAuts
